[Event "British Championship 2024"]
[Site "Hull"]
[Date "2024.07.31"]
[Round "2.1"]
[White "Howell, David W L"]
[Black "Kanyamarala, Tarun"]
[Result "1-0"]
[Annotator "TA"]
[ECO "B43"]
[WhiteElo "2675"]
[BlackElo "2333"]
[PlyCount "115"]
[EventDate "2024.07.31"]
[EventCountry "GBR"]
[SourceTitle "playchess.com"]
[Source "ChessBase"]
[SourceQuality "1"]
[TimeControl "40/5400+30:1800+30"]

1. e4 c5 2. Nf3 e6 3. Nc3 a6 4. d4 cxd4 5. Nxd4 b5 6. Bd3 Bb7 7. O-O Nc6 8. Nxc6 Bxc6 9. Re1 {[%emt 0:00:12] B43: Sicilian: Kan Variation: 5 Nc3.} Qb8 {[%emt 0:00:27] 9...Ne7 is the modern continuation.} 10. a4 bxa4 11. Nxa4 Bd6 12. h3 Ne7 13. Be3 Bh2+ 14. Kh1 Bf4 15. Bxf4 Qxf4 16. Kg1 $146 ({Predecessor:} 16. Qe2 O-O 17. Qe3 Qxe3 18. Rxe3 a5 19. Ree1 Rfb8 20. b3 f6 21. Nc3 Ng6 22. Ra2 {½-½ Jiang,T (1917)-Shukhman,A (2263) Wch U14 Girls 2023 (11)}) 16... O-O 17. Nb6 Rab8 18. Nc4 (18. Rxa6 Qc7 19. Na4 Bxa4 20. Rxa4 Rxb2 $16) 18... Bb5 19. b3 Nc6 20. Bf1 d5 (20... Rfd8 $11) 21. exd5 $16 exd5 22. Qxd5 Nb4 23. Qd1 Rfd8 24. Qc1 Qf6 25. Ne5 Bxf1 26. Kxf1 Rd5 27. Nc4 h6 28. Re2 Rbd8 29. Ne3 Rc5 {[%emt 0:06:09] [#]} 30. Qe1 $1 Rc3 31. Ra4 Nd5 32. Nxd5 Rxd5 33. Re8+ Kh7 34. Qe4+ Qf5 35. Qxf5+ (35. Rxa6 $6 Rxc2 36. Qxf5+ Rxf5 $11) 35... Rxf5 36. Ra2 (36. Rxa6 $6 Rxc2 37. Re2 Rc1+ 38. Re1 Rc2 $11) 36... Rfc5 37. Re2 (37. Rxa6 $6 Rxc2 38. Re2 Rc1+ 39. Re1 R1c3 $14) 37... Rc6 38. Ke1 Rd6 39. Rd2 Re6+ 40. Re2 Rd6 41. Re7 Rc5 42. Ke2 (42. Rxf7 $2 Re5+ 43. Kf1 Rd1#) 42... f5 43. c4 f4 44. Rd2 Rg6 45. Kf3 Rcg5 46. Ra7 ({Don't play} 46. Kxf4 Rxg2 47. Re3 Rf6+ 48. Ke4 Rg1 $18) 46... Rxg2 $2 (46... a5 47. Rd8 (47. Kxf4 Rxg2 48. Rxa5 Rh2 $18) 47... Rf6) 47. Rxa6 $1 $18 ({Not} 47. Kxf4 Rh2 $16) 47... R6g5 48. h4 R5g4 49. c5 Rg1 50. Rc2 Rxh4 51. c6 Rh3+ 52. Kxf4 g5+ 53. Kf5 Rf3+ 54. Ke4 Rf4+ 55. Kd5 Rd1+ 56. Kc5 Rf5+ 57. Kb6 Rdd5 58. c7 1-0

[Event "British Championship 2024"]
[Site "Hull"]
[Date "2024.07.31"]
[Round "2.2"]
[White "Jones, Gawain C B"]
[Black "Ledger, Andrew J"]
[Result "1-0"]
[Annotator "RC"]
[ECO "A07"]
[WhiteElo "2633"]
[BlackElo "2334"]
[PlyCount "148"]
[EventDate "2024.07.31"]
[EventCountry "GBR"]
[SourceTitle "playchess.com"]
[Source "ChessBase"]
[SourceQuality "1"]
[TimeControl "40/5400+30:1800+30"]

1. Nf3 d5 2. c4 c6 3. g3 g6 4. Bg2 Bg7 5. O-O e5 6. d3 Ne7 7. e4 O-O 8. b4 h6 9. Nbd2 Be6 10. a4 Nd7 11. Ba3 dxe4 12. dxe4 Re8 13. c5 a5 14. Qc2 axb4 15. Bxb4 b6 16. cxb6 Qxb6 17. Bxe7 Rxe7 18. Rfc1 Ra5 19. Bf1 Nc5 20. Bc4 Qa7 21. Bxe6 Rxe6 22. Ra2 Re8 23. Rca1 Ra6 24. Nc4 Ne6 25. a5 Nd4 26. Qd3 c5 27. Nb6 h5 28. Kg2 Qb7 29. Kg1 Ra7 30. Rb2 Qc6 31. Nc4 Qe6 32. Nxd4 exd4 33. Re1 h4 34. Rb6 Qd7 35. e5 Re6 36. Qe4 h3 37. Reb1 Re8 38. Qc6 Qxc6 39. Rxc6 Bxe5 40. Kf1 Bc7 41. a6 d3 42. Rd1 Re6 43. Rxe6 fxe6 44. Ra1 Kf7 45. Ke1 Ke7 46. Kd2 Kd7 47. Kxd3 Kc6 48. f4 Kb5 49. Na3+ Kc6 50. Nc4 Kb5 51. Rb1+ Kc6 52. Re1 Kd5 53. Ne3+ Kd6 54. Ra1 Bd8 55. Ng4 Kd5 56. Ra4 g5 57. fxg5 Bxg5 58. Nf2 c4+ 59. Rxc4 Rxa6 60. Nxh3 Ra3+ 61. Rc3 Rxc3+ 62. Kxc3 Bf6+ 63. Kd3 Ke5 64. Nf2 Kf5 65. Ke3 Bd8 66. Kf3 Bc7 67. h4 Kg6 68. g4 Bd8 69. h5+ Kg5 70. Ne4+ Kh6 71. Nc5 e5 72. Ne6 Ba5 73. Ke4 Bc3 74. Kf5 Bb2 1-0

[Event "British Championship 2024"]
[Site "Hull"]
[Date "2024.07.31"]
[Round "2.3"]
[White "Wu, Li"]
[Black "McShane, Luke J"]
[Result "0-1"]
[Annotator "TA"]
[ECO "A30"]
[WhiteElo "2328"]
[BlackElo "2617"]
[PlyCount "118"]
[EventDate "2024.07.31"]
[EventCountry "GBR"]
[SourceTitle "playchess.com"]
[Source "ChessBase"]
[SourceQuality "1"]
[TimeControl "40/5400+30:1800+30"]

1. Nf3 Nf6 2. c4 b6 3. g3 Bb7 4. Bg2 e6 5. O-O Be7 6. b3 O-O 7. Bb2 c5 8. d4 cxd4 9. Qxd4 d6 10. Nc3 a6 11. Rfd1 Qc7 12. Ng5 Bxg2 13. Kxg2 Nbd7 14. Nge4 Rfd8 15. Nxf6+ {[%emt 0:03:47] A30: Symmetrical English: Double Fianchetto and Hedgehog.} Nxf6 16. e4 Qb7 17. f3 b5 18. cxb5 $146 ({Predecessor:} 18. Rd2 Rac8 19. cxb5 axb5 20. a3 Rc5 21. Nd1 Rdc8 22. Ne3 Bf8 23. Rad1 h6 24. h4 {1-0 Meijers,V (2475)-Sarrau,J (2325) Ghent Taminco op 37th 2014 (4)}) 18... axb5 19. a3 Bf8 20. b4 Rac8 21. Qd3 d5 22. e5 Nd7 23. Nxb5 (23. Qxb5 $2 {is the wrong capture.} Qxb5 24. Nxb5 Rc2+ 25. Kg1 Rxb2 $19) 23... Nb6 24. Bd4 (24. Nd4 $14) 24... Nc4 $11 25. a4 Bxb4 26. Rdb1 Qe7 $1 27. Ra2 (27. a5 $1 $11 {feels stronger.}) 27... Ra8 ({Black should try} 27... Rc6 $15) 28. f4 (28. Na7 $1 $11 Nxe5 (28... Rxa7 29. Bxa7 Nxe5 30. Qb5 $18) 29. Qe2) 28... Rdb8 $15 29. Nc3 Qe8 30. Rba1 Qc6 31. Nd1 Bf8 32. a5 Ra6 33. Ne3 Nxe3+ 34. Qxe3 Rc8 35. Qd3 g6 36. Bb6 Qc4 37. Qxc4 Rxc4 38. Rb1 Be7 39. Kf3 Kf8 40. Be3 Rc8 41. Rb7 Bd8 42. Bd2 Ke8 43. Ke3 Rca8 44. Rb5 Kd7 45. Kd4 Rc6 46. Ra4 Bc7 47. Kd3 Kc8 48. Ra2 Raa6 49. Rab2 Rc4 50. Ra2 Kd7 51. Rab2 Ra4 52. Bb4 Ra7 53. Bc3 (53. Rc2 $15) 53... Bxa5 $17 (53... Kc6 {keeps more tension.} 54. R5b3 Bxa5 55. Bd4 Rc7) 54. Rb7+ (54. Bd4 $17 Rc7 55. Bc5) 54... Bc7 55. R7b5 Rc4 56. Bb4 g5 57. Bc5 Ra1 58. fxg5 (58. Be3 $17 {was called for.}) 58... Bxe5 $19 59. Rb7+ $2 (59. R2b3 {nothing else works.}) 59... Kc8 0-1

[Event "British Championship 2024"]
[Site "Hull"]
[Date "2024.07.31"]
[Round "2.4"]
[White "Conquest, Stuart C"]
[Black "Davies, Nigel R"]
[Result "1/2-1/2"]
[Annotator "TA"]
[ECO "A21"]
[WhiteElo "2510"]
[BlackElo "2325"]
[PlyCount "34"]
[EventDate "2024.07.31"]
[EventCountry "GBR"]
[SourceTitle "playchess.com"]
[Source "ChessBase"]
[SourceQuality "1"]
[TimeControl "40/5400+30:1800+30"]

1. c4 e5 2. Nc3 Bb4 3. Qb3 a5 4. Nf3 d6 5. e3 Nf6 6. Be2 O-O 7. O-O Re8 8. d3 Nbd7 9. Qc2 Bc5 10. Rd1 c6 11. b3 Bb6 12. Ba3 Qe7 13. Nd2 Nc5 {[%emt 0:03:11] The position is equal.} 14. Nde4 Nfxe4 15. dxe4 Be6 16. Rd2 Rad8 17. Rad1 Bc8 {[%emt 0:44:08] Not much happened in this game.   Weighted Error Value: White=0.06 (flawless) /Black=0.05 (flawless) .  Inaccurate:     	White=1     	---        OK:         	White=3     	Black=7} 1/2-1/2

[Event "British Championship 2024"]
[Site "Hull"]
[Date "2024.07.31"]
[Round "2.5"]
[White "Yao, Lan"]
[Black "Ghasi, Ameet K"]
[Result "1/2-1/2"]
[Annotator "TA"]
[ECO "B46"]
[WhiteElo "2325"]
[BlackElo "2496"]
[PlyCount "64"]
[EventDate "2024.07.31"]
[EventCountry "GBR"]
[SourceTitle "playchess.com"]
[Source "ChessBase"]
[SourceQuality "1"]
[TimeControl "40/5400+30:1800+30"]

1. e4 c5 2. Nf3 e6 3. d4 cxd4 4. Nxd4 Nc6 5. Nc3 a6 6. Be3 Nf6 7. Nxc6 bxc6 8. e5 Nd5 9. Nxd5 cxd5 10. Bd3 Qc7 11. Qh5 a5 12. O-O (12. Bxh7 $2 Qc4 (12... g6 $2 13. Qh4 $19) 13. O-O-O Qxa2 $19 (13... g6 $2 14. Qg5 $19)) 12... g6 13. Qg5 Be7 {[%emt 0:04:51] Repels Qf6} 14. Qg3 h5 15. Bd4 Ba6 16. Rac1 Qb7 17. Rfd1 Rc8 18. Bxa6 Qxa6 19. Qd3 Qc6 20. c3 O-O 21. Rc2 Rc7 22. f4 Rb8 23. Bf2 {[%emt 0:02:02] [#]} (23. h3 $1 $11 {was the only way to keep the balance.}) 23... Qa4 $1 $17 24. b3 Qxf4 25. Rf1 Qf5 (25... Qxe5 $2 {loses.} 26. Bg3 Qg5 (26... Bc5+ $2 27. Kh1 $18) 27. Bxc7 $18) 26. Qe2 Qg4 27. Qe1 Qg5 ({Black should play} 27... Rb4 $17 {Threatens to win with ...Re4.} 28. h3 Qg5) 28. Bd4 $11 d6 {[%emt 0:00:09] The position is equal.} 29. Rcf2 Rf8 30. Rf3 Rd7 31. Qf2 dxe5 32. Rxf7 exd4 {[%emt 0:00:38] Weighted Error Value: White=0.14 (very precise) /Black=0.17 (very precise) .  Mistake:       	White=1     	Black=1      Inaccurate:     	White=2     	---        OK:         	White=8     	Black=7      Best:        	White=2     	Black=1      Strong:       	---       	Black=1} 1/2-1/2

[Event "British Championship 2024"]
[Site "Hull"]
[Date "2024.07.31"]
[Round "2.6"]
[White "Bazakutsa, Svyatoslav"]
[Black "Balaji, Aaravamudhan"]
[Result "1/2-1/2"]
[Annotator "TA"]
[ECO "E71"]
[WhiteElo "2470"]
[BlackElo "2346"]
[PlyCount "85"]
[EventDate "2024.07.31"]
[EventCountry "GBR"]
[SourceTitle "playchess.com"]
[Source "ChessBase"]
[SourceQuality "1"]
[TimeControl "40/5400+30:1800+30"]

1. d4 Nf6 2. c4 g6 3. Nc3 Bg7 4. e4 d6 5. h3 O-O 6. Be3 e5 7. d5 Na6 8. g4 c6 9. Qd2 Nc5 10. f3 {[%emt 0:00:20] White is slightly better.} cxd5 11. cxd5 Bd7 12. Nge2 h5 13. b4 Na6 14. a3 Nc7 15. a4 Nh7 16. Rg1 Kh8 17. g5 (17. O-O-O $14) 17... f6 $11 18. gxf6 Qxf6 19. Bg2 Bxh3 20. Bxh3 $14 Qh4+ 21. Bf2 (21. Rg3 $2 Rxf3 22. O-O-O Rxg3 23. Nxg3 Qxh3 $19) (21. Kd1 $1 $14 Qxh3 22. Rxg6 Qf1+ (22... Qxf3 23. Kc2 $16) (22... Rxf3 23. Ng1 $16) 23. Qe1 Qxe1+ (23... Rxf3 24. Kd2 $16) 24. Kxe1) 21... Qxh3 $15 22. Rg3 Qd7 23. O-O-O Rf6 24. Be3 Qf7 (24... Rc8 $17 25. Kb2 b5) 25. Rdg1 $11 g5 ({Black should try} 25... Rc8 $15 26. Kb2 Nf8) 26. Bxg5 $14 Rxf3 27. Be3 (27. Bh6 {simplifies} Rxg3 28. Nxg3 Rg8 29. Be3) 27... Rf1+ 28. Rxf1 Qxf1+ 29. Kc2 h4 30. Rg4 (30. Rg6 $142) 30... Bf6 $11 31. Nf4 $2 exf4 $19 32. Rxf4 Qh1 33. Rxf6 Nxf6 34. Bd4 {[%emt 0:00:04] [#] Intending Qh6+ and mate.} Nce8 $2 (34... Kh7 $1 $19 35. Bxf6 h3) 35. Qh6+ $15 Kg8 36. Qg6+ Kf8 37. Bxf6 {[%emt 0:00:18] The position is equal.} Nxf6 38. Qxf6+ $11 {[%emt 0:00:10] KQR-KQN} Kg8 {[%emt 0:00:02] [#] White must now prevent ...Qg2+.} 39. Qg6+ Kh8 40. Qh6+ Kg8 {[%emt 0:00:01] And now ...Qg2+ would win.} 41. Qg6+ Kh8 {[%emt 0:30:01] aiming for ...Qh2+.} 42. Qh6+ Kg8 {[%emt 0:00:00] Hoping for ...Qg2+.} 43. Qg6+ {[%emt 0:00:00] Weighted Error Value: White=0.23 (precise) /Black=0.26 (precise) .  Loses game:     	White=1     	---        Missed win:     	---       	Black=1      Mistake:       	White=3     	Black=3      Inaccurate:     	White=3     	Black=2      OK:         	White=13    	Black=11     Best:        	White=4     	Black=4} 1/2-1/2

[Event "British Championship 2024"]
[Site "Hull"]
[Date "2024.07.31"]
[Round "2.7"]
[White "Mirzoeva, Elmira"]
[Black "Royal, Shreyas"]
[Result "0-1"]
[Annotator "TA"]
[ECO "D38"]
[WhiteElo "2260"]
[BlackElo "2483"]
[PlyCount "206"]
[EventDate "2024.07.31"]
[EventCountry "GBR"]
[SourceTitle "playchess.com"]
[Source "ChessBase"]
[SourceQuality "1"]
[TimeControl "40/5400+30:1800+30"]

1. d4 Nf6 2. c4 e6 3. Nf3 d5 4. Nc3 Nbd7 5. cxd5 exd5 6. Bg5 Bb4 7. Nd2 c6 8. e3 {[%emt 0:00:35] D38: Queen's Gambit Declined: Ragozin Defence (4 Nf3 Bb4).} Nf8 $1 {[%emt 0:04:37][%mdl 4] is now more promising than 8...0-0.} 9. Bd3 Ng6 10. O-O O-O 11. f4 Re8 $146 ({Predecessor:} 11... h6 12. Bxf6 Qxf6 13. f5 Qg5 14. Qf3 Nh4 15. Qg3 g6 16. fxg6 Nxg6 17. Qf2 f5 {0-1 Le,Q (2728)-Erigaisi,A (2710) Biel Blitz 56th 2023 (4)}) 12. f5 Nf8 13. Nf3 h6 14. Bf4 Nh5 15. Be5 Nh7 16. a3 Bf8 17. Rc1 f6 18. Bf4 Nxf4 19. exf4 Bd6 20. Qd2 b6 21. Rce1 Rxe1 22. Rxe1 Nf8 23. g4 Qc7 24. Ne2 Bb7 25. g5 Re8 26. Kh1 Qf7 27. Rg1 Qh5 28. Rf1 hxg5 29. fxg5 fxg5 30. Qxg5 Qxg5 31. Nxg5 c5 32. Bb5 Re7 33. f6 gxf6 34. Rxf6 Bc7 35. Ng3 Bxg3 36. hxg3 cxd4 37. Nf3 d3 38. Bxd3 Re3 39. Bf1 Kg7 40. Rf5 Bc8 41. Nd4 Re1 42. Rf2 Bh3 43. Kg1 Ng6 44. Nf3 Rd1 45. Ng5 Bg4 46. Kg2 d4 47. Ne4 Re1 48. Nd2 Bc8 49. Nf3 Bb7 50. Kh2 Bxf3 51. Rxf3 Ne5 52. Rf5 Ng4+ 53. Kg1 Ne3 54. Rf3 d3 55. Kf2 d2 56. Rxe3 Rxe3 57. Be2 Rd3 58. Bd1 Kf6 59. Ke2 Rxg3 60. Kxd2 Ke5 61. Bc2 Kd4 62. Bf5 Rg5 63. Bh7 Kc4 64. Bc2 Rg1 (64... Rg3 $142 65. Ba4 Rd3+ 66. Kc2 Rg3 67. Kc1 Rg8 68. Bc2 Rg7 69. Kd2 Rd7+ 70. Kc1 Rd5) 65. Ke2 Kd4 (65... a5 $142 66. Kd2 b5 67. Ke2 Rc1 68. Kd2 Ra1 69. Bd3+ Kb3 70. Bxb5 a4 (70... Kxb2 $2 71. a4 $19) 71. Bd7 Rb1 (71... Kxb2 72. Bxa4 Rf1 73. Bb5 $11) 72. Bg4 Kxb2 (72... Rxb2+ $2 73. Kc1 $19) 73. Bh5 Ra1 (73... Kxa3 74. Bg4 $19) 74. Be8 Rxa3 (74... Kxa3 $2 75. Kc2 $19) 75. Ke2 Ra1 76. Bd7 a3 77. Bh3 Rc1 78. Be6 Rc3 (78... a2 79. Bxa2 Kxa2 80. Kd3 Kb2 81. Ke4 Re1+ 82. Kf5 Kb3 83. Kg6 Rf1 84. Kg7 Kc3 85. Kg8 Kd3 86. Kg7 Ke4 87. Kg6 Ke5 88. Kg7 Rf5 89. Kg6 Ke6 90. Kg7 Rf6 91. Kg8 Rg6+ 92. Kh8 Ke7 93. Kh7 Kf7 94. Kh8 Rh6#) 79. Bg8 a2 80. Bxa2 Kxa2 81. Kd1 Kb1 82. Kd2 Kb2 83. Ke2 Kc1 84. Kf1 Kd2 85. Kf2 Rd3 86. Kf1 Ke3 87. Kg2 Ke2 88. Kh1 Rg3 89. Kh2 Kf2 90. Kh1 Rh3#) 66. Kd2 $19 Rg2+ 67. Kc1 Ke3 68. Bf5 Rg5 69. Bh7 Rc5+ 70. Kd1 Rd5+ 71. Kc1 Ke2 $2 (71... a5 72. Kc2 Rc5+ 73. Kb1 Rg5) 72. Bg6 $2 (72. b4) 72... Rc5+ 73. Bc2 Ke3 $2 (73... a5 74. a4 Ke3) 74. Kd1 $2 (74. b4 Rg5 75. Kb2) 74... Rg5 75. Bh7 Rg2 76. Kc1 Ke2 77. Be4 Rg1+ 78. Kc2 Ke3 79. Bf5 Rg2+ 80. Kc1 $1 Rd2 81. Bg6 Rd5 82. Bh7 $1 Ke2 83. Bg6 $1 Rc5+ (83... Rg5 $142 84. Be4 Rg4) 84. Bc2 $19 Rc8 $2 (84... a5 85. a4 Ke3) 85. Kb1 $2 (85. b4 $19) 85... Kd2 86. Bf5 Rc1+ 87. Ka2 Rf1 88. Bh3 Rh1 (88... Rf3 $142 89. Be6 Kc1 90. b3 Rf2+ 91. Ka1 Kc2 92. Bg8 Kc3 93. Be6 Rb2 94. b4 Re2 95. Bg4 Re4 (95... Re1+ $2 96. Ka2 $19) 96. Bf5 Re5 (96... Re1+ 97. Ka2 $19) 97. Bg6 Kb3 98. Bf7+ Kxa3 99. Kb1 b5 (99... Kxb4 $2 100. Kc2 $19) 100. Kc2 Kxb4 101. Bg6 Ka3 102. Kd3 b4 103. Bh7 b3 104. Kd4 Re7 105. Bg6 Kb4 106. Bf5 a5 107. Kd5 Re1 108. Bg6 a4 109. Bh7 a3 110. Be4 a2 111. Ke5 Rxe4+ (111... a1=B+ 112. Kf5 Rxe4 113. Kxe4 b2 114. Kf4 b1=Q 115. Kf3 Qf5+ 116. Kg2 Bd4 117. Kg3 Kc4 118. Kg2 Qg4+ 119. Kh2 Bf2 120. Kh1 Qh3#) (111... b2 {leads to mate.} 112. Kf6 a1=Q 113. Kf7 Rxe4 114. Kg6 b1=Q 115. Kf5 Qf1+ 116. Kxe4 Kc5 117. Ke3 Qae1#) 112. Kxe4 b2 (112... a1=B 113. Kf4 b2 114. Kg4 b1=Q 115. Kf4 Qd3 116. Kg4 Be5 117. Kg5 Qe4 118. Kh5 Qf5+ 119. Kh4 Qg6 120. Kh3 Qg3#) 113. Kf4 a1=Q (113... b1=R 114. Ke4 a1=Q 115. Kf5 Rf1+ 116. Ke6 Rf6+ 117. Ke7 Qd4 118. Ke8 Qa7 119. Kd8 Rf8#) 114. Kf3 b1=Q (114... b1=B 115. Kg2 Qe5 116. Kf3 Bd3 117. Kg4 Qe3 118. Kh4 Qg1 119. Kh5 Qg3 120. Kh6 Qg6#) 115. Kg4 Qe4+ (115... Qg6+ $2 116. Kf4 Qd4+ 117. Kf3 Qgg4#) 116. Kh5 Qh8+ 117. Kg5 Qhh4#) 89. Bf5 $19 Rf1 (89... Kc1 $19 90. b4 Rh2+ 91. Ka1 Rc2) 90. Bh3 $1 Rg1 (90... Rf3 $142 91. Be6 Rf6 92. Bg8 Kc1 93. Ka1 Rf2 94. b4 Kc2 95. b5 Kc3 96. a4 Rf4 97. Kb1 Rxa4 98. Bh7 Rb4+ 99. Kc1 Rh4 (99... Rxb5 {is a self mate.} 100. Kd1 Re5 101. Bg6 a5 102. Bh7 a4 103. Bc2 Rd5+ 104. Ke2 Kxc2 105. Kf3 a3 106. Kg4 a2 107. Kf4 a1=Q 108. Ke4 Qd4+ 109. Kf3 Qf6+ 110. Kg4 Rg5+ 111. Kh4 Qh6#) 100. Kd1 Rxh7 101. Ke2 Rh3 (101... Rh5 {gets mated.} 102. Kf3 Rh4 103. Kf2 Re4 104. Kg2 Re3 105. Kf1 Kd2 106. Kf2 Rb3 107. Kg1 Ke2 108. Kg2 Re3 109. Kg1 Kf3 110. Kf1 Kg3 111. Kg1 Re1#) 102. Kf2 Kd2 103. Kg2 Re3 104. Kf2 Rc3 105. Kf1 Ke3 106. Kg2 Ke2 107. Kh1 Kf1 108. Kh2 Re3 109. Kh1 Rh3#) 91. Bf5 $19 Kc1 92. b4 Rg3 $2 (92... Rg2+ 93. Ka1 Rb2) 93. Be4 $2 (93. a4) 93... Kd2 $2 (93... Rg4 94. Bf5 Rf4) 94. Bf5 $2 (94. Kb2 $19) 94... Kc3 95. Be6 Rg2+ 96. Kb1 Rg5 97. Ka2 Re5 98. Bf7 a5 99. bxa5 Rxa5 100. Be8 b5 101. Bf7 b4 102. Be6 Re5 103. Bg4 b3+ 0-1

[Event "British Championship 2024"]
[Site "Hull"]
[Date "2024.07.31"]
[Round "2.8"]
[White "Grieve, Harry"]
[Black "Golding, Alex"]
[Result "0-1"]
[Annotator "RC"]
[ECO "C92"]
[WhiteElo "2470"]
[BlackElo "2296"]
[PlyCount "96"]
[EventDate "2024.07.31"]
[EventCountry "GBR"]
[SourceTitle "playchess.com"]
[Source "ChessBase"]
[SourceQuality "1"]
[TimeControl "40/5400+30:1800+30"]

1. e4 e5 2. Nf3 Nc6 3. Bb5 a6 4. Ba4 Nf6 5. O-O b5 6. Bb3 Be7 7. d4 d6 8. c3 O-O 9. h3 Bb7 10. Re1 Nd7 11. Nbd2 Na5 12. Bc2 c5 13. d5 Rc8 14. b3 f5 15. exf5 Bxd5 16. Ne4 Nb6 17. Nfg5 Bxe4 18. Nxe4 d5 19. Ng3 Bf6 20. Nh5 Nc6 21. Bd2 Rf7 22. Qe2 c4 23. Rad1 d4 24. Be4 Qc7 25. bxc4 bxc4 26. Rb1 Ne7 27. Qf3 Na4 28. Rb7 Qd6 29. Reb1 Nc5 30. R7b6 Qd7 31. g4 Nxe4 32. Qxe4 dxc3 33. Be3 Qd3 34. Qb7 c2 35. Rc1 Rd8 36. Qc7 Nd5 37. Nxf6+ Nxf6 38. Qxe5 Nd7 39. Qb2 Nxb6 40. Qxb6 Re8 41. Qb2 Rxe3 42. fxe3 Qxe3+ 43. Kg2 Qd2+ 44. Kg3 Rd7 45. Qb8+ Rd8 46. Qb6 Rd3+ 47. Kh4 g5+ 48. fxg6 Qh6# 0-1

[Event "British Championship 2024"]
[Site "Hull"]
[Date "2024.07.31"]
[Round "2.9"]
[White "Lewis, Andrew P"]
[Black "Gasanov, Eldar"]
[Result "0-1"]
[Annotator "TA"]
[ECO "A09"]
[WhiteElo "2272"]
[BlackElo "2469"]
[PlyCount "144"]
[EventDate "2024.07.31"]
[EventCountry "GBR"]
[SourceTitle "playchess.com"]
[Source "ChessBase"]
[SourceQuality "1"]
[TimeControl "40/5400+30:1800+30"]

1. Nf3 d5 2. c4 d4 3. b4 f6 4. e3 e5 5. c5 a5 6. Qa4+ {[%emt 0:01:20] A09: Réti Opening: 1 Nf3 d5 2 c4.} Bd7 7. b5 Bxc5 8. Bc4 Nh6 9. exd4 exd4 10. O-O Bg4 $146 ({Predecessor:} 10... Nf7 11. Re1+ Be7 12. Ba3 Nd6 13. Bxd6 cxd6 14. Nxd4 Kf8 15. Qb3 g6 16. Qe3 Qe8 17. Qh6# {1-0 Kazakouski,V (2603)-Sathvik,A (2413) Titled Tuesday intern op 21st May Early blitz 2024 (11)}) 11. Ba3 Qd6 12. Bxc5 Qxc5 13. Nxd4 Nd7 14. Re1+ Kf8 15. Ne6+ Bxe6 16. Bxe6 Qd6 17. Bxd7 Qxd7 18. Nc3 Nf5 19. Qe4 Nd6 20. Qd5 Re8 21. b6 cxb6 22. Nb5 Qxb5 (22... Rxe1+ $2 23. Rxe1 Qxb5 24. Qxd6+ Kf7 25. Re7+ Kg6 26. h4 $18 (26. Rxb7 $2 Qb1#) (26. Qg3+ Qg5 $18)) 23. Qxd6+ Kf7 24. Reb1 Qe5 (24... Qc6 {simplifies} 25. Qxc6 bxc6 26. Rxb6 Re2) 25. Qxb6 Re7 26. d4 Qd5 27. Rb5 Qxa2 28. Rbb1 (28. Qxa5 Ra8 (28... Qxa5 29. Rbxa5 Rc8 30. g3 $11) 29. Qxa2+ Rxa2) 28... Rhe8 29. h3 (29. Rxa2 $2 Re1+ 30. Rxe1 Rxe1#) (29. h4 $5 Qd2 30. Rf1 $11) 29... Qd2 30. Qb3+ (30. Rb2 {is interesting.} Qf4 31. g3 Qf3 32. Qxa5 Re2 33. Rxe2 Rxe2 34. Rf1) 30... Kf8 31. d5 (31. Qa3 $15) 31... Re1+ $17 32. Rxe1 Rxe1+ 33. Rxe1 Qxe1+ 34. Kh2 Qe5+ (34... Qxf2 $6 35. Qa3+ Ke8 36. Qa4+ Ke7 37. Qxa5 $11) (34... Qb4 $17 35. Qg3 Qe7 36. Qb8+ Kf7) 35. g3 $15 Qc7 (35... b6 $5) 36. d6 (36. Qa3+ $11 Ke8 37. Qe3+ Qe7 38. Qa7) 36... Qxd6 $17 37. Qxb7 Qc5 38. Kg2 h5 (38... h6 $17) 39. h4 $11 Qf5 40. Kg1 Qe5 41. Qc8+ Kf7 42. Qd7+ Kg6 43. Qd3+ Qf5 44. Qe2 Kh7 45. Qe8 Qd5 46. Qa4 Kh6 47. Qf4+ Kg6 48. Qa4 Kf7 49. Qc2 Qb5 50. Qc7+ $1 Kg6 51. Qc2+ $1 Qf5 52. Qa4 Kh7 53. Qe8 Qe5 54. Qc6 Qe2 55. Qa4 Qe1+ 56. Kg2 f5 57. Qa2 (57. Qb5 $1 $11) 57... Qe4+ 58. f3 Qe5 59. Qc4 Qb2+ 60. Kg1 Qa1+ 61. Kg2 Qe5 62. Kf2 Qb2+ (62... Qb8 $15 63. Kg2 Qe5) 63. Kg1 $1 $17 Qa1+ 64. Kg2 a4 65. Qf7 $2 (65. Qb5 $15) 65... Qe5 $19 66. Qxh5+ Kg8 67. Qg5 Qe2+ (67... a3 $142 68. Qd8+ Kh7 69. Qg5 a2 70. Qc1 a1=Q (70... a1=B $2 71. Kh3 $19) 71. Qxa1 Qxa1 72. Kf2 f4 73. gxf4 Qd4+ 74. Kf1 Kg6 (74... Qxf4 75. Kg2 Qxh4 76. Kf1 Kg6 77. f4 Qh2 78. Ke1 Kf5 79. Kd1 Qb2 80. Ke1 Kxf4 81. Kf1 Kf3 82. Kg1 Qg2#) 75. Ke2 Kf5 (75... Qxf4 76. Kd3 Qxh4 77. Kc3 Qa4 78. Kd2 Kf5 79. Ke3 Qd7 80. f4 Qd1 81. Kf2 Kxf4 82. Kg2 Qd2+ 83. Kg1 Kf3 84. Kh1 Qg2#) 76. h5 Kxf4 (76... Qxf4 77. Kd3 Qb4 78. Ke3 Qc5+ 79. Kd2 Kf4 80. Kd3 Kxf3 81. h6 gxh6 82. Kd2 Qc4 83. Kd1 Ke3 84. Ke1 Qe2#) 77. h6 gxh6 78. Kf1 Kxf3 79. Ke1 Qd8 80. Kf1 Qd1#) 68. Kg1 $19 Qxf3 69. h5 Qg4 70. Qd8+ Kh7 71. h6 Qxg3+ ({Worse is} 71... gxh6 72. Qd7+ Kg8 73. Qe8+ Kh7 74. Qf7+ Kh8 75. Qf8+ Qg8 76. Qxh6+ Qh7 77. Qf8+ Qg8 78. Qf6+ Qg7 79. Qh4+ Kg8 80. Qd8+ Kh7 81. Qh4+ Kg8 82. Qd8+ Kh7 83. Qh4+ Kg8 $11) 72. Kh1 Qh3+ ({Weaker is} 72... Kxh6 73. Qh8+ Kg6 (73... Kg5 74. Qxg7+ Kf4 75. Qd4+ Kf3 76. Qe3+ Kg4 77. Qg5+ Kf3 78. Qxf5+ Qf4 79. Qd3+ Qe3 80. Qf5+ Qf4 81. Qd3+ Kf2 82. Qf1+ Kg3 83. Qe1+ Kg4 84. Qg1+ Kf5 85. Qc5+ Kg4 86. Qg1+ Kh5 87. Qc5+ Qg5 88. Qc2 $11) 74. Qxg7+ Kxg7 $11) 0-1